cohdb
Replays
Latest Replays
All Replays
Popular Replays
Top Player Replays
Match Explorer
How It Works
Community
CoH3 Stats
Reddit
Sign in to upload your games and track your stats! →
Sign in with Steam
Match 43638014
Unlisted
Match 43638014
Overview
Messages
Build Orders
End
Panzergrenadier Squad
Selects Panzerjäger Kommand Battlegroup
Selects Mine Fields
Panzerpioneer Squad
250 Light Carrier
Construct Light Support Kompanie
Combat Half-tracks
Selects GrB 39 Grenade Launcher Requisition
Assault Grenadier Squad
Construct Mechanized Kompanie
Panzerjäger Squad
Construct Mechanized Kompanie
Assault Mechanized Group
Construct Mechanized Kompanie
Selects Crew Shock Tactics
Support Armor Elements
StuG III D Assault Gun
Marder III Tank Destroyer
Marder III Tank Destroyer
Construct Panzerarmee Kommand
Walking Stuka Rocket Launcher
Selects Anti-tank Overwatch
Panzer III L Medium Tank
Anti-tank Overwatch
Crew Shock Tactics
Symbiosis
CAuMOH
Esxile
Menty
0
0
Comments
sign in to comment!
No comments posted yet!